 Dungeon Crawl Stone Soup version 0.29.0-4-gdea44cf6ec (webtiles) character file.

Game seed: 1978879505018104442

58 qw the Chopper (level 4, -1/34 (36) HPs)
             Began as a Barachi Chaos Knight on Sept 5, 2022.
             Slain by a sixfirhy (10 damage)
             ... summoned by Xom
             ... on level 2 of the Dungeon.
             The game lasted 00:00:50 (1800 turns).

qw the Chopper (Barachi Chaos Knight)               Turns: 1800, Time: 00:00:50

HP:   -1/34 (36)    AC: 11    Str: 15    XL:     4   Next: 1%
MP:   3/3           EV:  4    Int: 11    God:
Gold: 106           SH:  0    Dex: 11    Spells: 3/3 levels left

rFire   . . .      SeeInvis .   Y - +0 hand axe (chaos)
rCold   . . .      Faith    .   (no shield)
rNeg    . . .      Spirit   .   f - +0 plate armour
rPois   .          Reflect  .   (no helmet)
rElec   .          Harm     .   (no cloak)
rCorr   .          Rampage  .   (no gloves)
Will    .....                   (no boots)
Stlth   ..........              (no amulet)
HPRegen 0.11/turn               (no ring)
MPRegen 0.08/turn               (no ring)

@: spiked, drained, slow
A: amphibious, slowness 1, strong legs 1, +LOS, dopey 1, low MP 1
a: Hop


You were on level 2 of the Dungeon.
You visited 1 branch of the dungeon, and saw 2 of its levels.

You collected 106 gold pieces.


Innate Abilities, Weirdness & Mutations

You are amphibious.
You cover ground slowly.
You can hop short distances.
You have an extended range of vision and can be seen from far away.
You are dopey. (Int -2)
Your magical capacity is low. (-10% MP)


   Skills:
 - Level 3.6 Fighting
 + Level 5.2 Axes
 - Level 2.4 Armour
 - Level 1.1 Dodging


You had 3 spell levels left.
You didn't know any spells.
Your spell library was empty.

Inventory:

Hand Weapons
 e - the +5 whip of Neask {holy, Fly}
   (You found it on level 2 of the Dungeon)

   It has been blessed by the Shining One to cause great damage to the undead
   and demons.
   Fly:       It grants you flight.
 Y - a +0 hand axe of chaos (weapon)
Armour
 f - a +0 plate armour (worn)
 h - a +0 helmet
 i - a +0 cloak
Jewellery
 a - a ring of poison resistance
 d - a +4 ring of protection
Scrolls
 b - a scroll of identify {unknown}
Potions
 g - 2 potions of brilliance {unknown}
Miscellaneous
 c - a piece from Xom's chessboard (15/15)

Dungeon Overview and Level Annotations

Branches:
Dungeon (2/15)

Altars:


Message History

The worm bites you.
You completely miss the worm.
The worm is heavily wounded.
You catch the helpless worm completely off-guard!
You hit the worm. You freeze the worm.
The worm is severely wounded.
The worm stops moving altogether!
The helpless worm fails to defend itself.
You hit the worm.
The worm is poisoned.
The worm is severely wounded.
The helpless worm fails to defend itself.
You hit the worm but do no damage. Lightning courses through the worm!!
You kill the worm!
You have reached level 4!
You feel clever.
You start resting. "Time to have some fun!"
A white imp comes into view.
You hit the red devil but do no damage. You hit the shadow imp.
You hit the iron imp but do no damage.
The iron imp is poisoned.
You closely miss the iron imp. You closely miss the crimson imp.
You hit the crimson imp.
The crimson imp convulses.
You barely miss the shadow imp.
The shadow imp is moderately wounded.
You hit the iron imp but do no damage. You barely miss the crimson imp.
You hit the crimson imp.
The crimson imp goes berserk!
You hit the red devil but do no damage. You hit the iron imp but do no damage.
The crimson imp hits you but does no damage.
The red devil hits you with a +0 trident!
Barbed spikes become lodged in your body.
The shadow imp hits you but does no damage.
The crimson imp hits you but does no damage.
You closely miss the crimson imp.
The crimson imp is moderately wounded.
You closely miss the shadow imp. You hit the red devil.
You hit the iron imp but do no damage.
The iron imp looks even sicker.
You hit the iron imp but do no damage. You hit the crimson imp.
The crimson imp hits you but does no damage.
The iron imp hits you but does no damage.
The iron imp hits you. The sixfirhy hits you!
You die...

##.....#......#.......###.###.#
###......#......#.###.#####.# #.#
.##...#.##......#.###.......# #.#
......#.#####........######## #.#
...##.#.# #........# #.#
...##...#####........# #.#
.......###....3355...# #..
###..>...#.##.54555..############
#.#....#....55@35..............
#.#.........#5###.#############
#.#....######.# #.........#
#......# #.# #########.# ########
#.# #.....# ..# #.##### ### ##
#.# ... #.# ### #.# ##


You could see a sixfirhy (summoned), a neqoxec (summoned), a ynoxinul
(summoned), a red devil (summoned), 3 iron imps, a quasit (summoned), 3 crimson
imps, 2 white imps and a shadow imp (summoned).

Vanquished Creatures
  2 adders (D:2)
  2 worms (D:2)
  3 ball pythons
  3 endoplasms
  5 goblins (D:1)
  A hobgoblin (D:1)
  5 kobolds
  A quokka (D:2)
  4 bats (D:1)
  3 frilled lizards
  6 rats
35 creatures vanquished.

Notes
Turn   | Place    | Note
-------+----------+-------------------------------------------
     0 | D:1      | qw the Barachi Chaos Knight began the quest for the Orb.
     0 | D:1      | Reached XP level 1. HP: 18/18 MP: 1/1
     0 | D:1      | 0 ||| qw: Version: 0.1-a-104-g96f76f8
     0 | D:1      | 0 ||| qw: Game counter: 5867
     0 | D:1      | 0 ||| qw: Always use a shield: true
     0 | D:1      | 0 ||| qw: God list: Okawaru
     0 | D:1      | 0 ||| qw: Allow faded altars: false
     0 | D:1      | 0 ||| qw: Do Orc after D:15 true
     0 | D:1      | 0 ||| qw: Do second Lair branch before Depths: true
     0 | D:1      | 0 ||| qw: Lair rune preference: random
     0 | D:1      | 0 ||| qw: Plans: Normal
     0 | D:1      | 0 ||| PLANNING D:1-11
     0 | D:1      | Fell from the grace of Xom
    57 | D:1      | 57 ||| Stepping ~*~*~tactically~*~*~ (stealth).
    58 | D:1      | 58 ||| Stepping ~*~*~tactically~*~*~ (stealth).
    59 | D:1      | 59 ||| Stepping ~*~*~tactically~*~*~ (stealth).
    60 | D:1      | 60 ||| Stepping ~*~*~tactically~*~*~ (stealth).
    85 | D:1      | XOM: give mutations
    85 | D:1      | Gained mutation: You are dopey. (Int -2) [Xom's mischief]
    85 | D:1      | Gained mutation: Your flesh is heat resistant. (rF+) [Xom's
                  | mischief]
   162 | D:1      | Reached XP level 2. HP: 24/24 MP: 2/2
   186 | D:1      | Reached skill level 4 in Axes
   220 | D:1      | Found a faded altar of an unknown god.
   386 | D:1      | XOM: give mutations
   386 | D:1      | Gained mutation: Your magical capacity is low. (-10% MP)
                  | [Xom's mischief]
   386 | D:1      | Lost mutation: Your flesh is heat resistant. (rF+) [Xom's
                  | mischief]
   440 | D:1      | 440 ||| DROPPING +0 club.
   679 | D:1      | 679 ||| UPGRADING to +0 plate armour.
   689 | D:1      | 689 ||| DROPPING +2 leather armour.
   690 | D:1      | 690 ||| READING scroll labelled JYDGHA RIEHOSH.
   691 | D:1      | 691 ||| READING scroll labelled JOCACR MUOGIMPUIG.
   692 | D:1      | 692 ||| READING scroll labelled UROYMO VEDUE.
   830 | D:2      | Reached XP level 3. HP: 21/29 MP: 2/2
   872 | D:2      | 872 ||| Stepping ~*~*~tactically~*~*~ (stealth).
   873 | D:2      | 873 ||| Stepping ~*~*~tactically~*~*~ (stealth).
  1175 | D:2      | XOM: draining
  1216 | D:2      | Reached skill level 5 in Axes
  1327 | D:2      | Identified the +5 whip of Neask {holy, Fly}
  1329 | D:2      | 1329 ||| DROPPING +0 mace.
  1426 | D:2      | 1426 ||| Stepping ~*~*~tactically~*~*~ (stealth).
  1489 | D:2      | 1489 ||| Stepping ~*~*~tactically~*~*~ (stealth).
  1490 | D:2      | 1490 ||| Stepping ~*~*~tactically~*~*~ (stealth).
  1720 | D:2      | Reached XP level 4. HP: 19/34 MP: 3/3
  1797 | D:2      | XOM: summons 14 hostile demons
  1798 | D:2      | Noticed a red devil
  1798 | D:2      | Noticed a ynoxinul
  1798 | D:2      | Noticed a sixfirhy
  1798 | D:2      | Noticed a neqoxec
  1800 | D:2      | Slain by a sixfirhy

Levels and vault maps discovered:
D:1:      elethiomel_arrival_shortcut, layout_basic,
          hellmonk_ecumenical_altar_slurped_away
D:2:      layout_basic

Skill      XL: |  1  2  3 |
---------------+----------+-----
Axes           | 4 5 |  5.2
Fighting       | |  3.6
Armour         | |  2.4
Dodging        | |  1.1

Action                   |  1- 3 |  4- 6 || total
-------------------------+-------+-------++-------
Melee: Hand axe          |   122 |     3 ||   125
       Punch             |     1 |       ||     1
Invok: Renounce Religion |     1 |       ||     1
  Use: Scroll            |     3 |       ||     3
 Stab: Petrified         |     2 |       ||     2
       Petrifying        |     1 |       ||     1
Armor: Leather armour    |    23 |       ||    23
       Plate armour      |    45 |     5 ||    50
Dodge: Dodged            |    28 |       ||    28

Table legend:
 A = Non-vault XP
 B = Vault XP
 C = Vault XP percentage of total XP
 D = Non-vault monster count
 E = Vault monster count
 F = Vault count percentage of total count
                 A         B        C        D         E       F
            +---------+---------+-------+---------+---------+-------
      Total |      81 |       2 |   2.4 |      34 |       1 |   2.9
            +---------+---------+-------+---------+---------+-------
        D:1 |      28 |       2 |   6.7 |      17 |       1 |   5.6
        D:2 |      53 |       0 |   0.0 |      17 |       0 |   0.0
            +---------+---------+-------+---------+---------+-------
